 Dungeon Crawl Stone Soup version 0.30-a0-737-gf23d94013f (webtiles) character file.

Game seed: 3235953905364326373

31017 dialectric the Warrior (level 13, -11/82 HPs)
             Began as a Gargoyle Fighter on Jan 30, 2023.
             Was an Elder of Trog.
             Mangled by a centaur warrior simulacrum (23 damage)
             ... on level 15 of the Dungeon on Feb 2, 2023.
             The game lasted 00:29:02 (17977 turns).

dialectric the Warrior (Gargoyle Fighter)          Turns: 17977, Time: 00:29:03

Health: -11/82     AC: 31    Str: 32    XL:     13   Next: 55%
Magic:  13/13      EV: 12    Int:  8    God:    Trog [****..]
Gold:   1836       SH:  5    Dex: 15    Spells: 12/12 levels left

rFire   . . .      SeeInvis .    j - +4 scimitar (protect)
rCold   . . .      Faith    .    c - +0 buckler
rNeg    + . .      Spirit   .    B - +0 acid dragon scales
rPois   ∞          Reflect  .    x - +0 helmet
rElec   +          Harm     .    (no cloak)
rCorr   +          Rampage  .    C - +0 pair of gloves
Will    .....                    H - +2 pair of boots
Stlth   +                        (no amulet)
HPRegen 0.33/turn                Q - +6 ring of strength
MPRegen 0.13/turn                t - +6 ring of dexterity

@: under a protective aura
A: sickness immunity, AC +9, negative energy resistance 1, electricity
resistance, torment resistance 1, petrification resistance, claws 1, frail 1
a: Renounce Religion, Berserk, Trog's Hand, Brothers in Arms


You were on level 15 of the Dungeon.
You worshipped Trog.
Trog was greatly pleased with you.
You visited 2 branches of the dungeon, and saw 18 of its levels.

You collected 1836 gold pieces.

Inventory:

Hand Weapons
 j - a +4 scimitar of protection (weapon)
 v - a +4 long sword
Armour
 c - a +0 buckler (worn)
 x - a +0 helmet (worn)
 y - a +0 chain mail
 B - +0 acid dragon scales (worn)
 C - a +0 pair of gloves (worn)
 H - a +2 pair of boots (worn)
Jewellery
 a - a +6 ring of dexterity
 e - a ring of flight
 f - an amulet of magic regeneration
 t - a +6 ring of dexterity (right hand)
 F - a ring of protection from cold
 L - a +5 ring of evasion
 Q - a +6 ring of strength (left hand)
 S - a ring of see invisible
Wands
 h - a wand of roots (7)
 D - a wand of flame (21)
 E - a wand of charming (8)
 G - a wand of quicksilver (13)
Scrolls
 g - 10 scrolls of identify
 i - 4 scrolls of vulnerability
 k - 6 scrolls of fog
 m - a scroll of silence
 n - 4 scrolls of magic mapping
 o - a scroll of blinking
 p - 2 scrolls of brand weapon
 q - 7 scrolls of noise
 s - 2 scrolls of immolation
 I - 2 scrolls of poison
 J - 6 scrolls of teleportation
 O - 3 scrolls of enchant weapon
Potions
 b - 2 potions of might
 d - a potion of flight
 l - 5 potions of heal wounds
 u - 2 potions of magic
 w - 4 potions of mutation
 z - a potion of invisibility {unknown}
 A - 5 potions of ambrosia
 K - a potion of berserk rage {unknown}
 N - a potion of curing
Miscellaneous
 R - a condenser vane


   Skills:
 * Level 15.6 Fighting
 - Level 14.0 Long Blades
 - Level 0.2 Throwing
 + Level 9.1 Armour
 + Level 3.4 Dodging
 - Level 5.3 Shields


You had 12 spell levels left.
You didn't know any spells.
Your spell library contained the following spells:

 Spells                   Type           Power      Damage    Failure   Level
 Ensorcelled Hibernation  Hex/Ice        0%         N/A       67%         2
 Call Canine Familiar     Summ           0%         N/A       88%         3
 Frozen Ramparts          Ice            0%         1d1       88%         3
 Portal Projectile        Hex/Tloc       0%         N/A       88%         3
 Spider Form              Tmut/Pois      0%         N/A       88%         3
 Anguish                  Hex/Necr       0%         N/A       99%         4
 Animate Dead             Necr           0%         N/A       99%         4
 Ice Form                 Ice/Tmut       0%         N/A       99%         4
 Leda's Liquefaction      Hex/Erth       0%         N/A       99%         4
 Summon Ice Beast         Ice/Summ       0%         N/A       99%         4
 Borgnjor's Vile Clutch   Necr/Erth      0%         N/A       100%        5
 Death Channel            Necr           0%         N/A       100%        6


Dungeon Overview and Level Annotations

Branches:
Dungeon (15/15)            Temple (0/1) D:7            Lair (3/5) D:9
 Shoals (0/4) Lair:3       Spider (0/4) Lair:3       Vaults (0/5) D:13
    Orc: D:9-12      Depths: D:15

Altars:
Ashenzari
Fedhas
Nemelex Xobeh
Qazlal
Trog
Wu Jian
Zin
The Shining One

Annotations:
D:7 3 runed translucent doors, Hubris850's ghost, novice HOFi
D:12 Fannar


Innate Abilities, Weirdness & Mutations

You are immune to sickness and miasma.
Your stone body is resilient. (AC +9)
You are immune to poison.
You resist negative energy. (rN+)
You are resistant to electric shocks. (rElec)
You are resistant to unholy torment.
You are immune to petrification.
You have sharp fingernails.
You are frail. (-10% HP)


Message History

The tengu warrior pecks you but does no damage.
The tengu warrior barely misses you. The tengu warrior blocks your attack.
The tengu warrior is moderately wounded.
The tengu warrior hits you with a +2 long sword of electrocution!
The tengu warrior pecks you but does no damage.
The tengu warrior claws you but does no damage.
The basilisk gazes at you.
You easily resist.
You hit the tengu warrior.
The tengu warrior is moderately wounded.
The tengu warrior hits you with a +2 long sword of electrocution.
The tengu warrior pecks you but does no damage.
You block the tengu warrior's attack.
The tengu warrior attacks as you move away!
The tengu warrior hits you but does no damage.
The tengu warrior pecks you but does no damage.
The tengu warrior barely misses you.
Found 19 gold pieces.
The centaur warrior simulacrum closely misses you.
You block the centaur warrior simulacrum's attack.
The centaur warrior simulacrum barely misses you.
The centaur warrior simulacrum completely misses you.
The tengu warrior attacks as you move away!
The tengu warrior hits you with a +2 long sword of electrocution.
You block the tengu warrior's attack.
The tengu warrior claws you but does no damage.
The centaur warrior simulacrum hits you.
The centaur warrior simulacrum freezes you!
The centaur warrior simulacrum barely misses you.
The basilisk attacks as you move away!
The basilisk bites you but does no damage.
The centaur warrior simulacrum closely misses you.
The centaur warrior simulacrum kicks you.
The centaur warrior simulacrum freezes you!
* * * LOW HITPOINT WARNING * * *
The centaur warrior simulacrum attacks as you move away!
The centaur warrior simulacrum hits you.
* * * LOW HITPOINT WARNING * * *
The centaur warrior simulacrum freezes you!!
You die...

#.# ########.#
#######.########## #.#
.................# #.#
#..#####.########.# #..
.........<....###.## ###
###..####.#.###.##...######
.....##..###.# #.#.......
#..?.#Z#.###.##...######
#...#.Ql@.....######
........######.$# ###...#.#
.......# ####.#### #. #


You could see a tengu warrior, a basilisk and a centaur warrior simulacrum.

Vanquished Creatures
  A catoblepas (Lair:1)
  A centaur warrior (D:13)
  3 death yaks
  Nergalle (D:13)
  A shadow wraith (D:13)
  Pikel (D:6)
  2 ugly things (D:12)
  A cyclops (D:15)
  A wolf spider (D:15)
  A manticore (D:11)
  A black mamba (Lair:3)
  Maggie (D:7)
  6 cane toads
  4 gargoyles
  A rime drake (Lair:2)
  2 kobold demonologists
  2 komodo dragons
  2 unseen horrors
  4 burning bushes (Lair:2)
  A tengu conjurer (D:15)
  4 trolls
  2 meliai (shapeshifter)
  A polar bear (Lair:2)
  Grinder (D:2)
  6 blink frogs (Lair:2)
  A hornet (D:6)
  Prince Ribbit (D:6)
  A dream sheep (Lair:2)
  A slime creature (D:13)
  3 shadows (D:12)
  2 wyverns
  A vampire (D:12)
  A water elemental (D:11)
  16 yaks
  3 wraiths
  A human (shapeshifter) (D:15)
  A redback (Lair:2)
  4 vampire mosquitoes
  3 acid dragons
  5 water moccasins
  3 orc warriors
  A black bear (D:9)
  An ogre (D:6)
  9 wolves
  14 centaurs
  4 lemures (D:6)
  2 phantoms
  9 bullfrogs
  5 kobold brigands
  Blork the orc (D:6)
  3 scorpions
  20 wights
  24 killer bees
  An electric eel (D:11)
  12 howler monkeys
  6 centaur zombies (D:7)
  A bullfrog zombie (D:7)
  6 hounds
  8 orc priests
  5 iguanas
  3 jellies
  14 orc wizards
  A killer bee zombie (D:7)
  A howler monkey zombie (D:7)
  Robin (D:2)
  10 gnolls
  14 adders
  3 shadow imps
  A white imp (D:6)
  An ufetubus (D:6)
  4 worms
  3 dart slugs
  40 orcs
  4 bats
  7 endoplasms
  3 giant cockroaches
  15 goblins
  10 hobgoblins
  2 jackals (D:2)
  4 quokkas
  7 ball pythons
  6 frilled lizards
  33 kobolds
  3 rats (D:2)
420 creatures vanquished.

Vanquished Creatures (collateral kills)
  A hydra (D:13)
  A death yak (Lair:2)
  A yak (Lair:2)
  A redback (Lair:2)
  A wolf (Lair:2)
5 creatures vanquished.

Vanquished Creatures (others)
  6 fungi
  13 plants
  A withered plant (D:7)
20 creatures vanquished.

Grand Total: 445 creatures vanquished

Notes
Turn   | Place    | Note
-------+----------+-------------------------------------------
     0 | D:1      | dialectric the Gargoyle Fighter began the quest for the
                  | Orb.
     0 | D:1      | Reached XP level 1. HP: 14/14 MP: 1/1
   244 | D:1      | Reached XP level 2. HP: 19/19 MP: 2/2
  1042 | D:2      | Reached XP level 3. HP: 22/23 MP: 3/3
  1094 | D:2      | Noticed Robin
  1237 | D:2      | Killed Robin
  1240 | D:2      | Reached XP level 4. HP: 22/28 MP: 4/4
  1845 | D:2      | Reached XP level 5. HP: 19/33 MP: 5/5
  2187 | D:3      | Noticed Grinder
  2196 | D:2      | Gained mutation: You are frail. (-10% HP) [potion of
                  | mutation]
  2196 | D:2      | Gained mutation: You have sharp fingernails. [potion of
                  | mutation]
  2204 | D:2      | Killed Grinder
  2205 | D:2      | Reached skill level 4 in Fighting
  2205 | D:2      | Reached skill level 5 in Long Blades
  2205 | D:2      | Reached skill level 1 in Dodging
  2205 | D:2      | Reached XP level 6. HP: 29/34 MP: 6/6
  2484 | D:3      | Upgraded the game from 0.30-a0-728-gc68057be0a to
                  | 0.30-a0-737-gf23d94013f
  3048 | D:3      | Reached XP level 7. HP: 30/38 MP: 7/7
  4170 | D:5      | Entered Level 5 of the Dungeon
  4422 | D:5      | Reached skill level 5 in Armour
  4613 | D:5      | Found a sparkling altar of Nemelex Xobeh.
  4690 | D:5      | Reached XP level 8. HP: 38/43 MP: 8/8
  4882 | D:5      | Reached skill level 5 in Fighting
  5705 | D:6      | Noticed Blork the orc
  5723 | D:6      | Killed Blork the orc
  5803 | D:7      | Noticed Maggie
  5949 | D:6      | Reached skill level 6 in Fighting
  6062 | D:6      | Noticed Prince Ribbit
  6073 | D:6      | Killed Prince Ribbit
  6128 | D:6      | Found a bloodstained altar of Trog.
  6172 | D:6      | Became a worshipper of Trog the Wrathful
  6481 | D:6      | Reached XP level 9. HP: 49/49 MP: 9/9
  6813 | D:7      | Noticed Pikel
  7077 | D:7      | Found a runed translucent gate.
  7079 | D:7      | Noticed a hornet
  7079 | D:7      | Noticed Hubris850's ghost (novice HOFi)
  7160 | D:6      | Killed a hornet
  7318 | D:6      | Killed Pikel
  7319 | D:6      | Reached skill level 10 in Long Blades
  7363 | D:7      | Found a runed translucent gate.
  7363 | D:7      | Found a runed translucent gate.
  7378 | D:7      | Found a blossoming altar of Fedhas.
  7388 | D:7      | Reached * piety under Trog
  7392 | D:7      | HP: 2/49 [Maggie/bolt of fire (20)]
  7401 | D:7      | Reached XP level 10. HP: 23/54 MP: 10/10
  7408 | D:7      | HP: 2/54 [Maggie/+3 glaive (12)]
  7409 | D:7      | Killed Maggie
  7756 | D:7      | Found a broken altar of Ashenzari.
  7999 | D:7      | Found a staircase to the Ecumenical Temple.
  8178 | D:8      | Reached ** piety under Trog
  8719 | D:8      | Reached skill level 7 in Fighting
  8725 | D:8      | Reached skill level 5 in Shields
  8785 | D:8      | Found an ornate altar of the Wu Jian Council.
  9215 | D:9      | Reached *** piety under Trog
  9559 | D:9      | Reached skill level 8 in Fighting
  9838 | D:9      | Reached XP level 11. HP: 40/62 MP: 11/11
 10064 | D:9      | Found a staircase to the Lair.
 10086 | D:9      | Reached skill level 9 in Fighting
 10089 | Lair:1   | Entered Level 1 of the Lair of Beasts
 10323 | D:10     | Entered Level 10 of the Dungeon
 10364 | D:10     | Reached **** piety under Trog
 10444 | D:10     | Found a glowing silver altar of Zin.
 10521 | D:10     | Found a glowing golden altar of the Shining One.
 11061 | D:10     | Identified the +0 mace of Tortfeasance {freeze, rPois
                  | rCorr}
 11193 | D:11     | Found a stormy altar of Qazlal.
 11262 | D:11     | Noticed Nergalle
 11467 | D:12     | Noticed a brown ugly thing
 11482 | D:12     | Killed a brown ugly thing
 11550 | D:12     | Reached skill level 10 in Fighting
 11821 | D:12     | Noticed a cyan ugly thing
 11904 | D:12     | Killed a cyan ugly thing
 12370 | D:13     | Killed Nergalle
 12371 | D:13     | Reached XP level 12. HP: 58/70 MP: 12/12
 12847 | D:13     | Noticed a centaur warrior
 12875 | D:13     | Killed a centaur warrior
 13183 | D:13     | Noticed a five-headed hydra
 13205 | D:13     | Killed an 11-headed hydra
 13206 | D:13     | Reached skill level 11 in Fighting
 13768 | D:13     | Found a gate to the Vaults.
 14020 | D:12     | Noticed Fannar
 15039 | Lair:1   | Noticed a catoblepas
 15062 | Lair:1   | Killed a catoblepas
 15073 | Lair:1   | Reached skill level 12 in Fighting
 15361 | Lair:1   | Identified a scroll of acquirement
 15361 | Lair:1   | Acquired 901 gold pieces
 16008 | Lair:2   | Reached skill level 13 in Fighting
 16100 | Lair:2   | Reached XP level 13. HP: 76/79 MP: 13/13
 16402 | Lair:2   | Reached skill level 14 in Fighting
 17034 | Lair:1   | Reached skill level 15 in Fighting
 17808 | D:15     | Entered Level 15 of the Dungeon
 17869 | D:15     | Noticed an entropy weaver
 17870 | D:15     | an entropy weaver changed into a blink frog
 17977 | D:15     | Mangled by a centaur warrior simulacrum

Illustrated notes

Levels and vault maps discovered:
D:1:      ncdulo_lavacross, layout_basic
D:2:      kb_forest_paths, layout_basic, uniq_robin
D:3:      layout_loops_ring, uniq_grinder
D:4:      layout_loops_ring, minmay_misc_feat_five, grunt_ministairs_3,
          minmay_strange_pillars, minmay_tree_intersection
D:5:      nicolae_cairo_tiling_large, layout_layer_cave,
          nemelex_diamond_rough_becter
D:6:      layout_basic, mainiacjoe_overflow_small_starburst,
          uniq_prince_ribbit1, uniq_blork_the_orc
D:7:      layout_cave_pools, marbit_many_paths, lemuel_crystal_altar,
          minmay_temple_entry_nine_rooms, gammafunk_ghost_nasty_kobolds,
          serial_undead, serial_undead_a, serial_undead_c, serial_undead_f,
          serial_undead_f, serial_undead_e, serial_undead_c, uniq_maggie,
          uniq_pikel
D:8:      layout_basic, amcnicky_altar_gilded, roderic_three_in_a_row,
          corner_web_ring, roderic_roman_lattice, minmay_misc_feat_pillars,
          nicolae_nh_ransacked_shop
D:9:      layout_long_grid, grunt_lair_entry_orc_guard_hut, minmay_lizard_king
D:10:     layout_long_grid, nicolae_tso_carved_into_rock,
          mainiacjoe_overflow_alcove_4, zin_academy
D:11:     layout_small_grid, minivault_14, grunt_qazlal_sundering, uniq_nergalle
D:12:     minmay_shrinking_squares, layout_irregular_city, hiddenorc1_lemuel,
          kennysheep_generic_room_16, uniq_fannar
D:13:     layout_irregular_city, david_vaults_4
D:14:     minmay_recursive_quarters, layout_loops_cross, uniq_jorgrun
D:15:     gammafunk_depths_entry_grave, layout_loops_ring, small_statue_alley_a
Lair:1:   layout_chaotic_city, serial_bayou_shore_a
Lair:2:   layout_big_grid, evilmike_ambush [evilmike_ambush_outer_basic,
          evilmike_ambush_inner_cross], grunt_megastairs_2
Lair:3:   layout_loops_ring, nicolae_shoals_entry_roost, spider_nest_entry_a,
          portal_ice_cave_entry_animals_and_master, eino_house_with_fridge

Skill      XL: |  1  2  3  4  5  6  7  8  9 10 11 12 13 |
---------------+----------------------------------------+-----
Long Blades    | 2 3 5 6 7 10 11 12 14 | 14.0
Fighting       | 4 6 8 10 13 15 | 15.6
Armour         | 4 6 7 9 |  9.1
Dodging        | 1 3 |  3.4
Shields        | 5 |  5.3
Throwing       | |  0.2

Action                     |  1- 3 |  4- 6 |  7- 9 | 10-12 | 13-15 || total
---------------------------+-------+-------+-------+-------+-------++-------
  Melee: Long sword        |   136 |   298 |   296 |       |       ||   730
         Punch             |     1 |     2 |     5 |     2 |       ||    10
         Scimitar          |       |       |   180 |   916 |   231 ||  1327
  Throw: Throwing net      |       |       |       |     1 |       ||     1
 Invoke: Berserk           |       |       |       |    13 |     3 ||    16
    Use: Potion            |     2 |     4 |     5 |     3 |       ||    14
         Scroll            |       |       |     2 |    15 |     4 ||    21
   Stab: Distracted        |       |       |       |       |     2 ||     2
 Armour: Scale mail        |   116 |   192 |   136 |       |       ||   444
         Chain mail        |       |       |   297 |   343 |       ||   640
         Acid dragon scale |       |       |       |   343 |   161 ||   504
  Dodge: Dodged            |   122 |   174 |   354 |   548 |   159 ||  1357
  Block: Buckler           |       |       |       |   209 |    65 ||   274

Table legend: (Time is in decaauts)
 A = Elapsed time spent in this place.
 B = Non-inter-level travel time spent in this place.
 C = Inter-level travel time spent in this place.
 D = Time resting spent in this place.
 E = Time spent auto-exploring this place.
 F = Levels seen in this place.
 G = Mean time per level.
                   A        B        C        D        E       F      G
               +--------+--------+--------+--------+--------+-----+--------+
         Total |  18063 |  17326 |    737 |   3066 |   9928 |  18 | 1003.5 |
       Dungeon |  15438 |  14799 |    639 |   2207 |   8876 |  15 | 1029.2 |
          Lair |   2625 |   2527 |     98 |    859 |   1052 |   3 |  875.0 |
               +--------+--------+--------+--------+--------+-----+--------+

Top non-repeatable levels by time:
     D:6: 1694 daAuts
    D:13: 1576 daAuts
  Lair:1: 1544 daAuts
     D:2: 1424 daAuts
     D:5: 1351 daAuts
     D:9: 1327 daAuts
    D:12: 1256 daAuts
     D:3: 1055 daAuts
  Lair:2: 1050 daAuts
     D:4: 978 daAuts
     D:8: 952 daAuts
     D:7: 911 daAuts
    D:11: 911 daAuts
     D:1: 847 daAuts
    D:10: 809 daAuts
